 Dungeon Crawl Stone Soup version 0.28.0-53-g5a82cb258f (webtiles) character file.

Game seed: 11657027353385028560

718 purpskrrrp the Skirmisher (level 7, 0/72 HPs)
             Began as an Ogre Wanderer on June 23, 2022.
             Was a Follower of Zin.
             Slain by a howler monkey (5 damage)
             ... on level 5 of the Dungeon.
             The game lasted 00:15:10 (5975 turns).

purpskrrrp the Skirmisher (Ogre Wanderer)           Turns: 5975, Time: 00:15:11

Health: 0/72       AC:  3    Str: 15    XL:     7   Next: 70%
Magic:  7/7        EV: 12    Int: 11    God:    Zin [*.....]
Gold:   146        SH:  0    Dex: 14    Spells: 6/6 levels left

rFire   . . .      SeeInvis +   a - +0 club
rCold   . . .      Faith    .   (no shield)
rNeg    . . .      Spirit   .   c - +0 robe
rPois   .          Reflect  .   (helmet restricted)
rElec   .          Harm     .   (no cloak)
rCorr   .          Rampage  .   (gloves unavailable)
Will    .....                   (boots unavailable)
Stlth   ++........              (no amulet)
HPRegen 0.22/turn               j - ring of see invisible
MPRegen 0.10/turn               (no ring)

@: no status effects
A: large, unfitting armour, tough skin 1
a: Renounce Religion, Recite, Donate Gold


You were on level 5 of the Dungeon.
You worshipped Zin.
Zin was aware of your devotion.
You visited 1 branch of the dungeon, and saw 5 of its levels.

You collected 162 gold pieces.
You donated 16 gold pieces to Zin.

Inventory:

Hand Weapons
 a - a +0 club (weapon)
 f - a +0 short sword
 n - a +0 trident
 w - a +0 vorpal spear
 A - a +3 vorpal hand axe
 B - a +1 giant spiked club
Missiles
 p - 9 boomerangs (quivered)
Armour
 c - a +0 robe (worn)
 d - a +3 kite shield
 i - a +0 helmet
 C - the +5 ring mail of Midnight {Regen+ rCorr Int+6 Dex-3}
   (You found it on level 5 of the Dungeon)

   Int:       It affects your intelligence (+6).
   Dex:       It affects your dexterity (-3).
   Regen:     It increases your rate of health regeneration.
   rCorr:     It protects you from acid and corrosion.
Magical Staves
 v - a staff of death
Jewellery
 j - a ring of see invisible (left hand)
Wands
 t - a wand of paralysis (3)
 x - a wand of charming (12)
Scrolls
 b - a scroll of silence
 u - 2 scrolls of teleportation
Potions
 e - a potion of might
 g - a potion of flight
 l - 2 potions of magic
 q - 6 potions of heal wounds
 r - 2 potions of curing
 s - a potion of mutation


   Skills:
 + Level 5.4 Fighting
 + Level 1.3 Short Blades
 + Level 1.1(3.0) Axes
 + Level 1.5(1.7) Maces & Flails
 + Level 4.0(4.1) Polearms
 + Level 5.2 Dodging
 + Level 1.7 Stealth
 + Level 3.3 Shields


You had 6 spell levels left.
You didn't know any spells.
Your spell library contained the following spells:

 Spells                   Type           Power      Damage    Failure   Level
 Blink                    Tloc           0%         N/A       47%         2
 Gell's Gravitas          Tloc           0%         N/A       71%         3
 Lesser Beckoning         Tloc           0%         N/A       71%         3
 Teleport Other           Tloc           0%         N/A       71%         3
 Manifold Assault         Tloc           0%         N/A       100%        5


Dungeon Overview and Level Annotations

Branches:
Dungeon (5/15)
 Temple: D:4-7

Altars:
Fedhas
Zin

Shops:
D:4 :


Innate Abilities, Weirdness & Mutations

You are too large for most types of armour.
You have tough skin. (AC +1)


Message History

The phantom hits you.
The phantom blinks!
You blink.
You barely miss the phantom.
The phantom is moderately damaged.
The phantom closely misses you. The phantom hits you.
The howler monkey howls!
You hit the phantom but do no damage.
The phantom is moderately damaged.
The phantom hits you but does no damage.
You closely miss the phantom.
The phantom is moderately damaged.
The phantom closely misses you.
You closely miss the phantom.
The phantom is moderately damaged.
The phantom hits you.
* * * LOW HITPOINT WARNING * * *
The howler monkey hoots and howls with incredible vigour!
You barely miss the phantom.
The phantom is lightly damaged.
The phantom hits you but does no damage.
You hit the phantom.
The phantom is moderately damaged.
The howler monkey closely misses you. The phantom hits you!
* * * LOW HITPOINT WARNING * * *
The phantom barely misses you.
The howler monkey hits you but does no damage.
You hit the phantom but do no damage.
The phantom is moderately damaged.
The howler monkey hits you.
* * * LOW HITPOINT WARNING * * *
The phantom hits you but does no damage.
You hit the phantom but do no damage.
The phantom is moderately damaged.
The howler monkey hits you.
* * * LOW HITPOINT WARNING * * *
The phantom hits you but does no damage.
The howler monkey closely misses you.
You miss the phantom.
The phantom is moderately damaged.
The phantom completely misses you. The howler monkey hits you.
You die...

..#..#.......#####
##..##....#####..
..#....#....#...... .
..'....'....'......
..###########....##'###'
#......).<............
#.....................
#.......h..............
#......@W..............
##########'###'########
.......# ........#
.##.##.## .# .# .. . ..
'


You could see a phantom and a howler monkey.

Vanquished Creatures
  A wyvern (D:5)
  An ice beast (D:5)
  An ogre (D:5)
  A scorpion (D:5)
  3 hounds
  A bullfrog skeleton (D:4)
  An orc wizard (D:4)
  A hound skeleton (D:4)
  6 adders
  A howler monkey skeleton (D:4)
  A shadow imp (D:4)
  A white imp (D:5)
  3 worms
  3 dart slugs
  10 orcs
  8 ball pythons
  7 bats
  6 endoplasms
  5 giant cockroaches
  3 goblins
  6 hobgoblins
  6 jackals
  6 kobolds
  4 quokkas
  2 frilled lizards (D:3)
  6 rats
94 creatures vanquished.

Notes
Turn   | Place    | Note
-------+----------+-------------------------------------------
     0 | D:1      | purpskrrrp the Ogre Wanderer began the quest for the Orb.
     0 | D:1      | purpskrrrp set off with the following items: a +0 club, a
                  | scroll of silence, a +0 robe, a +2 kite shield
     0 | D:1      | Reached XP level 1. HP: 24/24 MP: 1/1
   234 | D:1      | Reached XP level 2. HP: 25/32 MP: 2/2
   792 | D:1      | Reached XP level 3. HP: 37/39 MP: 3/3
  1215 | D:2      | Reached skill level 1 in Short Blades
  1504 | D:2      | Reached XP level 4. HP: 39/49 MP: 4/4
  1802 | D:2      | You fall into a shaft and drop 1 floor!
  1802 | D:3      | Found a glowing silver altar of Zin.
  1805 | D:3      | Became a worshipper of Zin the Law-Giver
  1930 | D:3      | Reached skill level 1 in Polearms
  1947 | D:3      | Found a faded altar of an unknown god.
  2000 | D:3      | Reached * piety under Zin
  2065 | D:3      | Reached XP level 5. HP: 49/55 MP: 5/5
  2644 | D:3      | Found a blossoming altar of Fedhas.
  3760 | D:4      | Found Xaocvith's Book Shop.
  3867 | D:4      | Reached XP level 6. HP: 51/63 MP: 6/6
  4783 | D:5      | Entered Level 5 of the Dungeon
  4821 | D:5      | Reached skill level 5 in Fighting
  5039 | D:5      | Reached skill level 5 in Dodging
  5039 | D:5      | Reached XP level 7. HP: 11/72 MP: 7/7
  5140 | D:5      | Noticed a wyvern
  5367 | D:5      | Noticed a wyvern
  5374 | D:5      | Killed a wyvern
  5550 | D:5      | Identified the +5 ring mail of Midnight {Regen+ rCorr Int+6
                  | Dex-3}
  5637 | D:5      | Reached skill level 1 in Axes
  5637 | D:5      | Reached skill level 1 in Maces & Flails
  5975 | D:5      | Slain by a howler monkey

Illustrated notes

Levels and vault maps discovered:
D:1:      dpeg_arrival_solitude, layout_basic
D:2:      layout_loops_ring, minmay_misc_feat_tower
D:3:      layout_basic, mainiacjoe_overflow_alcove_4, zin_scriptorium,
          chequers_ecumenical_altar_island
D:4:      layout_layer_cave, serial_shops, nicolae_shop_advertising_works
          [nicolae_subvault_shop_adworks], grunt_decor_fettered, st_stairs_14
D:5:      layout_gridville

Skill      XL: |  1  2  3  4  5  6  7 |
---------------+----------------------+-----
Dodging        | 4 5 |  5.2
Shields        | 2 3 |  3.3
Short Blades   | 1 |  1.3
Polearms       | 1 2 3 4 |  4.0
Fighting       | 5 |  5.4
Axes           | 1 |  1.1
Maces & Flails | 1 |  1.5
Stealth        | |  1.7

Action                   |  1- 3 |  4- 6 |  7- 9 || total
-------------------------+-------+-------+-------++-------
Melee: Club              |    13 |       |    28 ||    41
       Short sword       |    76 |       |       ||    76
       Trident           |    40 |   241 |       ||   281
       Hand axe          |       |    10 |       ||    10
       Giant spiked club |       |     6 |    25 ||    31
  Use: Scroll            |     1 |       |    12 ||    13
 Stab: Sleeping          |     3 |     5 |       ||     8
Armor: Robe              |    32 |    55 |    15 ||   102
Dodge: Dodged            |    52 |    95 |    37 ||   184
Block: Kite shield       |    78 |   144 |       ||   222
